AoeStats
← CYTR.波吉

MegaRandom

505254293Analyzed
4v4 RM · 25d ago on Sep 8, 2026· 19m 50s· 8 players
Game mode
Random Map
Map size
Large (8 player)
Population
200
Speed
Normal
Resources
Standard
Victory
Conquest
Starting age
Dark Age
Ending age
Imperial Age
RankedLock teamsTeams togetherTeam positionsShared explorationLock speedFull tech treeHidden civsTurbo modeCheats
Victory
Defeat
🇲🇾 Celts · Malaysia
1299
+16
🇨🇦 Berbers · Canada
1296
+16
🇹🇼 Tupi · Taiwan
1280
+17
🇹🇼 Slavs · Taiwan
1280
+17
🇨🇳 Spanish · China
1371
-18
🇺🇸 Burgundians · United States
1341
-18
🇨🇳 Aztecs · China
1252
-15
🇹🇼 Vietnamese · Taiwan
1251
-15
長安
10:31 Feudal Age
9:15 Loom
13:47 Castle Age
12:24 Double-Bit Axe
CYTR.波力士上帝
0:31 Loom
8:18 Feudal Age
8:25 Feudal Age
8:39 Feudal Age
10:15 Town Watch
14:37 Castle Age
14:28 Horse Collar
20:19 Scale Barding Armor
CYTR.波吉
0:36 Loom
10:04 Feudal Age
13:38 Castle Age
11:35 Double-Bit Axe
12:40 Gold Mining
19:41 Fletching
STEALTH
9:07 Loom
10:52 Feudal Age
11:49 Double-Bit Axe
14:59 Castle Age
12:54 Horse Collar
15:20 Scale Barding Armor
15:26 Forging
18:12 Husbandry
李天尊
0:33 Loom
8:44 Feudal Age
9:36 Double-Bit Axe
12:22 Fletching
Hululu
8:53 Feudal Age
9:41 Double-Bit Axe
11:37 Forging
13:48 Scale Barding Armor
13:44 Loom
15:45 Horse Collar
21:06 Castle Age
鱼塘里的鱼儿
0:58 Loom
1:56 Wheelbarrow
1:06 Loom
2:55 Double-Bit Axe
11:20 Feudal Age
13:15 Bow Saw
12:47 Horse Collar
13:46 Heavy Plow
18:56 Hand Cart
19:18 Town Watch
mx
0:33 Loom
9:12 Feudal Age
9:46 Double-Bit Axe
11:59 Forging
11:43 Gold Mining
12:29 Scale Mail Armor
Connection lost

Rejoining the realm…

Still unreachable

The connection could not be restored.

Session expired

The server has moved on; the page needs a fresh start.